 Dungeon Crawl Stone Soup version 0.16.2-12-gd0ad4c3 (webtiles) character file.

4124 faibistes the Thaumaturge (level 10, -1/56 HPs)
             Began as a Deep Elf Wizard on Feb 22, 2018.
             Was a Believer of Sif Muna.
             Killed by the air
             ... invoked by Gastronok
              (29 damage)
             ... on level 9 of the Dungeon.
             The game lasted 00:31:36 (10883 turns).

faibistes the Thaumaturge (Deep Elf Wizard)        Turns: 10883, Time: 00:31:36

Health: -1/56      AC:  5    Str:  4    XL:     10   Next: 6%
Magic:  19/32      EV: 15    Int: 32    God:    Sif Muna [**....]
Gold:   582        SH:  0    Dex: 13    Spells: 6 memorised, 18 levels left

rFire  + . .     SeeInvis .     w - +2 dagger (venom)
rCold  . . .     Clarity  .     J - +0 robe {rF+}
rNeg   . . .     SustAb   .     (no shield)
rPois  +         Gourm    .     b - +0 hat
rElec  .         Spirit   .     Q - +2 cloak
rCorr  .         Warding  .     (no gloves)
rMut   .         Stasis   .     (no boots)
MR     +....                    (no amulet)
Stlth  ++........               s - ring of poison resistance
                                H - +5 ring of intelligence

@: very slightly contaminated, repel missiles, somewhat resistant to hostile
enchantments, unstealthy
A: no striking features
a: Channel Energy, Forget Spell, Renounce Religion


You were on level 9 of the Dungeon.
You worshipped Sif Muna.
Sif Muna was pleased with you.
You were not hungry.

You visited 2 branches of the dungeon, and saw 10 of its levels.

You collected 582 gold pieces.

Inventory:

Hand weapons
 e - a +0 club
 f - a +0 short sword
 n - a +1 dagger
 w - a +2 dagger of venom (weapon)
Armour
 a - a +0 robe
 b - a +0 hat (worn)
 G - a +1 cloak
 J - a +0 robe of fire resistance (worn)
 Q - a +2 cloak (worn)
Magical staves
 T - an uncursed staff of air
Jewellery
 l - a -3 ring of intelligence
 o - an uncursed ring of protection from fire
 s - a ring of poison resistance (right hand)
 t - an uncursed ring of ice
 z - an uncursed amulet of faith
 D - an uncursed ring of protection from magic
 F - an uncursed ring of stealth
 H - a +5 ring of intelligence (left hand)
 K - a +1 ring of evasion
Magical devices
 r - a wand of random effects (33)
 y - a wand of random effects (46)
 L - a wand of magic darts (15)
 O - a wand of paralysis (11)
Scrolls
 g - 2 scrolls of magic mapping
 h - 3 scrolls of teleportation
 j - 8 scrolls of remove curse
 I - a scroll of blinking
Potions
 m - a potion of restore abilities
 p - 2 potions of curing
 q - a potion of heal wounds
 u - 3 potions of magic
 x - a potion of berserk rage {unknown}
 A - 3 potions of lignification
 B - 2 potions of agility
 C - 3 potions of haste
 E - a potion of flight {unknown}
 M - a potion of cancellation {unknown}
 N - a potion of ambrosia {unknown}
 S - a potion of cure mutation {unknown}
Books
 c - a book of Minor Magic

   Spells                             Type                      Level
   a - Magic Dart                     Conjuration                  1
   b - Blink                          Translocation                2
   c - Call Imp                       Summoning                    2
   d - Repel Missiles                 Charms/Air                   2
   e - Slow                           Hexes                        2
   f - Conjure Flame                  Conjuration/Fire             3
   g - Mephitic Cloud                 Conjuration/Poison/Air       3
Miscellaneous
 U - a phial of floods
Comestibles
 d - 5 bread rations
 i - 5 meat rations
 k - 4 fruits
 v - 2 slices of pizza
 R - a beef jerky


   Skills:
 + Level 3.6 Fighting
 + Level 6.8 Dodging
 - Level 2.4 Stealth
 * Level 11.1 Spellcasting
 + Level 5.7 Conjurations
 + Level 1.1 Charms
 - Level 3.9 Summonings
 + Level 4.0 Translocations
 * Level 3.5 Fire Magic
 - Level 3.3 Air Magic
 - Level 2.5 Poison Magic
 * Level 0.4 Invocations
 + Level 3.9 Evocations


You had 18 spell levels left.
You knew the following spells:

 Your Spells              Type           Power        Failure   Level  Hunger
a - Magic Dart            Conj           ####         1%          1    None
b - Conjure Flame         Conj/Fire      #####...     1%          3    None
c - Call Imp              Summ           #####...     1%          2    None
d - Blink                 Tloc           N/A          1%          2    None
e - Mephitic Cloud        Conj/Pois/Air  #####...     1%          3    None
f - Repel Missiles        Chrm/Air       ####..       1%          2    None


Dungeon Overview and Level Annotations

Branches:
Dungeon (9/15)             Temple (1/1) D:6
   Lair: D:8-11         Orc: D:9-12

Altars:
Ashenzari
Cheibriados
Dithmenos
Elyvilon
Fedhas
Gozag
Kikubaaqudgha
Makhleb
Nemelex Xobeh
Okawaru
Qazlal
Ru
Sif Muna
Trog
Vehumet
Xom
Yredelemnul
Zin
The Shining One

Annotations:
D:9 Gastronok


Message History

Confirm with . or Enter, or press ? or * to list all spells.
You can't see any susceptible monsters within range! (Use Z to cast anyway.) Unknown command.
Things that are here:
a giant club x2
There isn't anything to butcher here.
Gastronok waves his eye-stalks in wide circles.
The air twists around and strikes you!
Ouch! That really hurt!
Casting: Magic Dart
Confirm with . or Enter, or press ? or * to list all spells.
Aiming: Mephitic Cloud
Press: ? - help, Shift-Dir - straight line, f - Gastronok
Aim: Gastronok, wearing an embroidered hat The ball explodes into a vile cloud!
The stinking cloud engulfs Gastronok.
Gastronok is engulfed in noxious fumes.
Gastronok waves his eye-stalks in wide circles.
The air twists around and strikes you!
Ouch! That really hurt!
You die...

.'....#........#..........
.##..###'####..#...........
'##..##..#####+#.....#####
.#.............#.....#
.#.............#.....#
.+.............+.....#
.##..##..###+###w§...#
.##..##..#.....§§§...#
.........#......@....#
.........+...........#
.........#..§........# . .
#.......(...# #...........#
.....##+#)....# #.....
#.....# ..... +.....# ...
#.....+


You could see Gastronok.

Vanquished Creatures
  Pikel (D:5)
  A two-headed ogre (D:9)
  Prince Ribbit (D:5)
  4 yaks
  An ice beast (D:6)
  A slave (D:4)
  2 sky beasts (D:5)
  3 centaurs
  2 phantoms
  2 ogres
  A big kobold (D:7)
  Blork the orc (D:7)
  2 giant frogs
  Crazy Yiuf (D:5)
  2 scorpions (D:6)
  7 killer bees (D:8)
  A centaur zombie (D:9)
  2 goliath beetles (D:6)
  5 crimson imps
  An orc priest (D:5)
  A giant frog skeleton (D:4)
  2 hounds
  6 worker ants
  Natasha (thrice) (D:3)
  3 iguanas
  3 orc wizards
  A hound skeleton (D:4)
  2 worker ant zombies
  9 adders
  7 gnolls
  2 giant mites
  3 worms
  3 giant geckos
  An ooze (D:2)
  14 orcs
  3 ball pythons
  16 hobgoblins
  21 jackals
  17 kobolds
  8 quokkas
  14 bats
  2 giant cockroaches
  A giant gecko zombie (D:7)
  4 giant newts
  10 goblins
  3 jackal skeletons
  A quokka skeleton (D:9)
  17 rats
218 creatures vanquished.

Vanquished Creatures (collateral kills)
  A killer bee (D:8)
  2 jackals (D:1)
3 creatures vanquished.

Vanquished Creatures (others)
  3 slaves (D:5)
  A killer bee (D:8)
  A goblin (D:5)
  A hobgoblin (D:5)
6 creatures vanquished.

Grand Total: 227 creatures vanquished

Notes
Turn   | Place    | Note
--------------------------------------------------------------
     0 | D:1      | faibistes, the Deep Elf Wizard, began the quest for the Orb.
     0 | D:1      | Reached XP level 1. HP: 10/10 MP: 6/6
   352 | D:1      | Reached XP level 2. HP: 15/15 MP: 2/10
   376 | D:1      | Learned a level 2 spell: Blink
   379 | D:1      | Learned a level 2 spell: Call Imp
   528 | D:1      | Reached skill level 5 in Spellcasting
   991 | D:1      | Reached XP level 3. HP: 19/19 MP: 11/14
   998 | D:1      | Learned a level 3 spell: Conjure Flame
  1002 | D:1      | Learned a level 3 spell: Mephitic Cloud
  1686 | D:2      | Noticed an angel
  1687 | D:2      | Found a shimmering altar of Xom.
  1688 | D:2      | Found a glowing silver altar of Zin.
  1718 | D:2      | Found a stormy altar of Qazlal.
  2203 | D:2      | Reached XP level 4. HP: 24/24 MP: 9/17
  2357 | D:2      | Learned a level 2 spell: Repel Missiles
  2604 | D:3      | Noticed Natasha
  2605 | D:3      | Found a shattered altar of Ashenzari.
  2614 | D:3      | Killed Natasha
  3081 | D:3      | Noticed Natasha
  3091 | D:3      | Reached skill level 6 in Spellcasting
  3098 | D:3      | Killed Natasha
  3105 | D:3      | Noticed Natasha
  3111 | D:3      | Killed Natasha
  3284 | D:3      | Reached XP level 5. HP: 26/28 MP: 12/20
  3498 | D:5      | Entered Level 5 of the Dungeon
  3508 | D:5      | Noticed a slave
  3712 | D:5      | Noticed a slave
  3713 | D:5      | Noticed Pikel
  3714 | D:5      | Noticed a slave
  3716 | D:5      | Noticed a slave
  3846 | D:3      | Reached XP level 6. HP: 24/32 MP: 7/22
  4111 | D:4      | Killed a slave
  4212 | D:5      | Killed Pikel
  4212 | D:5      | Reached skill level 5 in Dodging
  4212 | D:5      | Reached skill level 8 in Spellcasting
  4212 | D:5      | Reached XP level 7. HP: 11/36 MP: 9/26
  4314 | D:5      | Killed a freed slave
  5054 | D:4      | Reached skill level 1 in Evocations
  5283 | D:4      | Reached skill level 1 in Fighting
  5670 | D:4      | Found a basalt altar of Yredelemnul.
  5726 | D:4      | Found an ancient bone altar of Kikubaaqudgha.
  5733 | D:4      | Found a blossoming altar of Fedhas.
  5914 | D:5      | Noticed a phantom
  5933 | D:5      | Killed a phantom
  5933 | D:5      | Reached XP level 8. HP: 32/44 MP: 15/28
  6019 | D:5      | Killed a freed slave
  6143 | D:5      | Noticed Prince Ribbit
  6144 | D:5      | Killed a freed slave
  6151 | D:5      | Killed Prince Ribbit
  6151 | D:5      | Reached skill level 9 in Spellcasting
  6288 | D:5      | Noticed a centaur
  6297 | D:5      | Killed a centaur
  6596 | D:5      | Found an opulent altar of Gozag.
  6596 | D:5      | Noticed an ogre
  6608 | D:5      | Noticed Crazy Yiuf
  6609 | D:5      | Killed an ogre
  6616 | D:5      | Killed Crazy Yiuf
  6697 | D:5      | Noticed a sky beast
  6714 | D:5      | Killed a sky beast
  6996 | D:6      | Found a staircase to the Ecumenical Temple.
  7093 | Temple   | Entered the Ecumenical Temple
  7148 | Temple   | Became a worshipper of Sif Muna the Loreminder
  7210 | D:6      | Found a snail-covered altar of Cheibriados.
  7715 | D:6      | Reached skill level 10 in Spellcasting
  7715 | D:6      | Reached XP level 9. HP: 51/51 MP: 26/30
  7717 | D:6      | Found a white marble altar of Elyvilon.
  7811 | D:6      | Reached skill level 1 in Fire Magic
  7811 | D:6      | Reached skill level 1 in Air Magic
  8601 | D:7      | Reached skill level 1 in Poison Magic
  8664 | D:7      | Found a radiant altar of Vehumet.
  8789 | D:7      | Found a glowing golden altar of the Shining One.
  8833 | D:7      | Noticed a moth of wrath
  8835 | D:7      | Found a bloodstained altar of Trog.
  9053 | D:7      | Noticed Blork the orc
  9055 | D:7      | Acquired Sif Muna's first power
  9076 | D:7      | Killed Blork the orc
  9259 | D:8      | Reached skill level 5 in Conjurations
  9360 | D:8      | Found a deep blue altar of Sif Muna.
  9780 | D:8      | Found a sparkling altar of Nemelex Xobeh.
 10079 | D:9      | Reached skill level 11 in Spellcasting
 10239 | D:7      | Acquired Sif Muna's second power
 10560 | D:8      | Reached XP level 10. HP: 54/56 MP: 28/32
 10847 | D:9      | Noticed Gastronok
 10874 | D:9      | Reached skill level 1 in Charms
 10883 | D:9      | Killed from afar by Gastronok

Action                   |  1- 3 |  4- 6 |  7- 9 | 10-12 || total
-------------------------+-------+-------+-------+-------++-------
Melee: Unarmed           |     4 |       |       |       ||     4
       Short sword       |     1 |       |       |       ||     1
       Dagger            |       |    29 |   100 |     7 ||   136
 Cast: Magic Dart        |   102 |   109 |   385 |    22 ||   618
       Call Imp          |     4 |       |       |       ||     4
       Conjure Flame     |     2 |     3 |    37 |     1 ||    43
       Blink             |     1 |     3 |     1 |       ||     5
       Mephitic Cloud    |       |    21 |    41 |     3 ||    65
       Repel Missiles    |       |     1 |     3 |       ||     4
Invok: Channel Energy    |       |       |     1 |       ||     1
Evoke: Wand              |       |       |     1 |       ||     1
  Use: Scroll            |     5 |     7 |    10 |       ||    22
 Stab: Sleeping          |     1 |       |     1 |       ||     2
       Confused          |       |     1 |     3 |     1 ||     5
       Paralysed         |       |       |     4 |       ||     4
  Eat: Chunk             |     4 |     6 |    19 |     1 ||    30
